 Dungeon Crawl Stone Soup version 0.23.1-42-g8abd8fc (webtiles) character file.

Game seed: 4948254530306116517

329 sagitran the Poker (level 6, 0/47 HPs)
             Began as a Human Wanderer on Mar 31, 2019.
             Was a Follower of Wu Jian.
             Succumbed to an adder's poison
             ... on level 4 of the Dungeon.
             The game lasted 00:18:58 (3552 turns).

sagitran the Poker (Human Wanderer)                 Turns: 3552, Time: 00:18:58

Health: 0/47       AC: 11    Str: 13    XL:     6   Next: 80%
Magic:  1/6        EV: 14    Int: 13    God:    Wu Jian [*.....]
Gold:   157        SH:  0    Dex: 20    Spells: 5/5 levels left

rFire    + . .     SeeInvis .   p - +0 spear
rCold    . . .     Gourm    .   (no shield)
rNeg     . . .     Faith    .   f - +0 fire dragon scales
rPois    .         Spirit   +   t - +0 helmet
rElec    .         Reflect  .   (no cloak)
rCorr    .         Harm     .   (no gloves)
MR       .....                  (no boots)
Stlth    ++........             r - amulet of guardian spirit
HPRegen  0.15/turn              j - ring of ice
MPRegen  0.10/turn              (no ring)

@: agile, lethally poisoned (0 -> -2), flying
A: iridescent scales 1, agile 1, wild magic 1, MP-powered wands
a: Renounce Religion


You were on level 4 of the Dungeon.
You worshipped Wu Jian.
Wu Jian was aware of your devotion.
You were not hungry.

You visited 1 branch of the dungeon, and saw 4 of its levels.

You collected 157 gold pieces.

Inventory:

Hand Weapons
 a - a +2 dagger
 c - a +0 spear
 i - a +5 club
 k - a +0 hunting sling
 o - a +0 dagger of speed
 p - a +0 spear (weapon)
Missiles
 l - 172 stones (quivered)
Armour
 e - a +0 robe
 f - +0 fire dragon scales (worn)
 t - a +0 helmet (worn)
Jewellery
 j - a ring of ice (left hand)
 r - an amulet of guardian spirit (around neck)
Scrolls
 b - 3 scrolls of fear
 d - 2 scrolls of teleportation
 g - a scroll of blinking
 m - a scroll of enchant armour {unknown}
 u - a scroll of fog
 v - 2 scrolls of remove curse
Potions
 h - a potion of cancellation
Comestibles
 s - 4 rations


   Skills:
 + Level 3.4 Fighting
 + Level 1.5 Short Blades
 + Level 5.1 Polearms
 + Level 1.4(1.6) Slings
 + Level 1.0(1.4) Throwing
 + Level 1.9 Armour
 + Level 1.8 Dodging
 + Level 1.5 Stealth
   Level 1.0 Evocations


You had 5 spell levels left.
You didn't know any spells.
Your spell library was empty.

Dungeon Overview and Level Annotations

Branches:
Dungeon (4/15)
 Temple: D:4-7

Altars:
Dithmenos
Fedhas
Nemelex Xobeh
Ru
Uskayaw
Wu Jian


Innate Abilities, Weirdness & Mutations

You are partially covered in iridescent scales. (AC +2)
You are agile. (Dex +2)
Your spells are a little harder to cast, but a little more powerful.
You expend magic power (3 MP) to strengthen your wands.


Message History

You feel sick. The orc hits you but does no damage.
The orc wizard hits you but does no damage.
You closely miss the orc wizard.
The orc wizard hits you but does no damage.
The orc closely misses you.
You hit the orc priest.
You kill the orc priest!
The Council accepts your kill.
You can now lightly attack and pin monsters in place by moving around them.
The orc wizard closely misses you. The orc hits you but does no damage.
You hit the orc wizard.
The orc wizard is lightly wounded.
The orc wizard completely misses you.
The orc wizard hits you but does no damage.
You hit the orc wizard.
The orc wizard is moderately wounded.
The orc closely misses you. The orc wizard barely misses you.
You hit the orc wizard.
The orc wizard is moderately wounded.
You die...

................##......
#)
.................#..#...
#.
........#...............
#†
........#............(..
#)
#########.........##....
#. #........(+ ... #.
#.........# #.
#.........# #.
#.......@.# #)
#......oo)# #[
#......(.†# #)
#)........### #.
#.............# #.
#.............##########'
#.............##.........
#########.....##.........
#.....##.........


You could see an orc wizard and an orc.

Vanquished Creatures
  Menkaure (D:4)
  An orc priest (D:4)
  A worker ant (D:4)
  Robin (D:4)
  5 adders
  An ooze (D:2)
  2 dart slugs
  A leopard gecko (D:3)
  2 orcs
  11 giant cockroaches
  16 goblins
  11 hobgoblins
  6 jackals
  6 kobolds
  2 quokkas
  A ball python (D:1)
  4 bats
  3 frilled lizards
  8 rats
83 creatures vanquished.

Notes
Turn   | Place    | Note
-------+----------+-------------------------------------------
     0 | D:1      | sagitran the Human Wanderer began the quest for the Orb.
     0 | D:1      | sagitran set off with the following items: a +2 dagger, a
                  | scroll of fear, a +0 spear, a scroll of teleportation, a +0
                  | robe, a ration
     0 | D:1      | Reached XP level 1. HP: 16/16 MP: 1/1
   104 | D:1      | Reached XP level 2. HP: 22/22 MP: 2/2
   526 | D:1      | Reached XP level 3. HP: 18/27 MP: 3/3
   787 | D:2      | Reached skill level 4 in Polearms
  1256 | D:2      | Reached XP level 4. HP: 25/33 MP: 4/4
  1723 | D:3      | Found a blossoming altar of Fedhas.
  1847 | D:3      | Found a sacrificial altar of Ru.
  1852 | D:3      | Found a shadowy altar of Dithmenos.
  1968 | D:3      | Found an ornate altar of the Wu Jian Council.
  1987 | D:3      | Became a worshipper of the Wu Jian Council
  2013 | D:3      | Found a sparkling altar of Nemelex Xobeh.
  2093 | D:3      | Found a hide-covered altar of Uskayaw.
  2591 | D:4      | Gained mutation: You are somewhat resistant to further
                  | mutation. [potion of mutation]
  2591 | D:4      | Gained mutation: You have a pair of small antennae on your
                  | head. [potion of mutation]
  2593 | D:4      | Lost mutation: You are somewhat resistant to further
                  | mutation. [potion of mutation]
  2593 | D:4      | Lost mutation: You have a pair of small antennae on your
                  | head. [potion of mutation]
  2593 | D:4      | Gained mutation: Your spells are a little harder to cast,
                  | but a little more powerful. [potion of mutation]
  2593 | D:4      | Gained mutation: You are agile. (Dex +2) [potion of
                  | mutation]
  2593 | D:4      | Gained mutation: You are partially covered in iridescent
                  | scales. (AC +2) [potion of mutation]
  2593 | D:4      | Gained mutation: You expend magic power (3 MP) to
                  | strengthen your wands. [potion of mutation]
  2596 | D:4      | Reached XP level 5. HP: 10/39 MP: 3/5
  2992 | D:4      | Reached skill level 1 in Armour
  3001 | D:4      | Noticed Robin
  3003 | D:4      | Reached skill level 1 in Slings
  3045 | D:4      | Killed Robin
  3116 | D:4      | Reached * piety under Wu Jian
  3419 | D:4      | Noticed Menkaure
  3451 | D:4      | Killed Menkaure
  3451 | D:4      | Reached skill level 5 in Polearms
  3451 | D:4      | Reached XP level 6. HP: 12/47 MP: 2/6
  3531 | D:4      | HP: 2/47 [orc priest/+0 flail (6)]
  3545 | D:4      | HP: 1/47 [orc wizard/magic dart (5)]
  3552 | D:4      | Succumbed to an adder's poison

Skill      XL: |  1  2  3  4  5 |
---------------+----------------+-----
Polearms       | 4 5 |  5.1
Armour         | 1 |  1.9
Slings         | 1 |  1.4
Fighting       | 3 |  3.4
Short Blades   | |  1.5
Throwing       | |  1.0
Dodging        | |  1.8
Stealth        | |  1.5
Evocations     | |  1.0

Action                   |  1- 3 |  4- 6 || total
-------------------------+-------+-------++-------
Melee: Dagger            |    95 |    13 ||   108
       Spear             |    20 |   285 ||   305
 Fire: Hunting sling     |    16 |    24 ||    40
Invok: Lunge             |       |     7 ||     7
  Use: Potion            |       |    11 ||    11
       Scroll            |       |     4 ||     4
 Stab: Sleeping          |       |     1 ||     1
  Eat: Ration            |     1 |     2 ||     3
Armor: Robe              |    11 |     3 ||    14
       Fire dragon scale |       |   209 ||   209
Dodge: Dodged            |    64 |   201 ||   265
